AoeStats
← varunalur2879

Arena

509979784Analyzed
4v4 RM · 4d ago on Sep 28, 2026· 49m 54s· 8 players
Game mode
Random Map
Map size
Large (8 player)
Population
200
Speed
Normal
Resources
Standard
Victory
Conquest
Starting age
Dark Age
Ending age
Imperial Age
RankedLock teamsTeams togetherTeam positionsShared explorationLock speedFull tech treeHidden civsTurbo modeCheats
Victory
Defeat
🇺🇸 Saxons · United States
1332
+16
🇫🇮 Dravidians · Finland
1309
+17
🇵🇪 Khmer · Peru
1298
+18
🇨🇴 Varangians · Colombia
1270
+19
🇮🇳 Varangians · India
1400
-21
🇸🇪 Vikings · Sweden
1400
-20
🇩🇪 Poles · Germany
1282
-15
🇦🇷 Britons · Argentina
1254
-14
The Founding Titan
10:56 Feudal Age
14:45 Castle Age
12:45 Horse Collar
13:20 Double-Bit Axe
16:07 Bow Saw
17:23 Loom
20:24 Wheelbarrow
22:00 Heavy Plow
25:24 Hand Cart
25:29 Stone Mining
28:19 Imperial Age
26:21 Guard Tower
26:56 Fletching
27:23 Gold Mining
28:02 Bodkin Arrow
28:30 Ballistics
27:56 Treadmill Crane
28:33 Thumb Ring
29:19 Ballistics
29:52 Gold Shaft Mining
29:29 Bracer
29:21 Arrowslits
30:10 Town Watch
31:11 Keep
32:11 Chemistry
31:37 Town Patrol
33:05 Masonry
32:59 Murder Holes
33:09 Elite Skirmisher
34:33 Padded Archer Armor
35:45 Conscription
36:15 Leather Archer Armor
38:02 Ring Archer Armor
41:17 Cranequins
41:18 Heavy Mounted Crossbowman
42:25 Capped Ram
43:28 Siege Ram
47:41 Bloodlines
47:31 Husbandry
jaimeerp
10:52 Feudal Age
12:08 Loom
14:52 Castle Age
13:10 Double-Bit Axe
13:23 Horse Collar
16:37 Heavy Plow
16:59 Bow Saw
24:09 Wheelbarrow
25:21 Husbandry
26:15 Hand Cart
27:24 Bloodlines
28:26 Stone Mining
28:26 Gold Mining
32:16 Imperial Age
29:57 Scale Barding Armor
30:36 Stone Shaft Mining
31:07 Chain Barding Armor
30:57 Forging
31:56 Coinage
32:50 Cavalier
34:12 Conscription
35:00 Plate Barding Armor
36:39 Vendel Legacy
45:19 Elite Varangian Guard
46:06 Scale Mail Armor
46:56 Squires
46:42 Gambesons
46:43 Arson
47:14 Chain Mail Armor
47:35 Iron Casting
49:04 Siege Engineers
50:11 Plate Mail Armor
kalioglu
10:43 Feudal Age
14:28 Castle Age
12:41 Double-Bit Axe
13:19 Horse Collar
15:46 Bow Saw
16:03 Loom
17:38 Heavy Plow
20:53 Wheelbarrow
29:21 Imperial Age
27:10 Bloodlines
27:00 Husbandry
27:45 Gold Mining
28:05 Murder Holes
28:21 Masonry
28:33 Stone Mining
29:21 Gold Shaft Mining
28:58 Scale Barding Armor
29:36 Hand Cart
31:10 Chemistry
30:32 Ballistics
30:20 Siege Engineers
30:55 Chain Barding Armor
30:51 Double Crossbow
31:35 Crop Rotation
31:01 Town Watch
31:28 Fletching
31:45 Elite Ballista Elephant
33:52 Plate Barding Armor
34:49 Architecture
35:41 Heavy Scorpion
37:23 Fortified Wall
38:18 Town Patrol
38:22 Capped Ram
39:13 Siege Ram
41:17 Stone Shaft Mining
45:01 Forging
44:47 Bodkin Arrow
44:42 Light Cavalry
46:14 Hussar
47:35 Iron Casting
49:54 Blast Furnace
Sunday x Junior
10:09 Feudal Age
8:35 Loom
10:25 Feudal Age
11:21 Double-Bit Axe
11:16 Horse Collar
16:07 Castle Age
17:10 Bow Saw
18:52 Heavy Plow
21:23 Wheelbarrow
29:58 Imperial Age
28:40 Hand Cart
28:29 Husbandry
28:53 Ballistics
29:04 Fletching
29:45 Gold Mining
29:52 Bodkin Arrow
30:06 Thumb Ring
30:43 Bracer
31:45 Chemistry
32:04 Two-Man Saw
31:23 Elite Elephant Archer
32:32 Padded Archer Armor
33:49 Leather Archer Armor
35:41 Ring Archer Armor
37:01 Stone Mining
37:37 Scale Barding Armor
37:43 Forging
39:24 Conscription
39:12 Medical Corps
42:00 Iron Casting
41:52 Conscription
42:35 Guilds
47:00 Two-Man Saw
47:24 Scale Mail Armor
48:25 Blast Furnace
47:31 Squires
48:43 Siege Elephant
49:41 Elite Urumi Swordsman
varunalur2879
10:44 Feudal Age
14:27 Castle Age
12:16 Horse Collar
12:51 Double-Bit Axe
15:51 Bow Saw
21:21 Wheelbarrow
21:08 Gold Mining
23:02 Hand Cart
23:03 Stone Mining
24:47 Loom
28:01 Imperial Age
25:33 Scale Mail Armor
25:59 Forging
26:27 Stone Shaft Mining
26:46 Chain Mail Armor
26:37 Squires
26:23 Gambesons
26:24 Arson
28:47 Iron Casting
28:35 Heavy Plow
29:12 Plate Mail Armor
29:07 Conscription
28:13 Capped Ram
29:19 Elite Varangian Guard
30:58 Iron Casting
30:14 Fletching
35:19 Blast Furnace
35:35 Bodkin Arrow
40:35 Siege Ram
41:24 Bracer
43:45 Heavy Scorpion
45:37 Chemistry
44:59 Ballistics
48:30 Coinage
Jardel
10:53 Feudal Age
15:07 Castle Age
16:47 Double-Bit Axe
16:46 Horse Collar
21:30 Bow Saw
21:31 Heavy Plow
22:43 Loom
27:16 Imperial Age
24:53 Crossbowman
25:50 Gold Mining
25:51 Stone Mining
25:57 Fletching
27:58 Gold Shaft Mining
27:24 Bodkin Arrow
28:21 Ballistics
28:59 Bracer
29:36 Arbalester
30:57 Padded Archer Armor
31:59 Chemistry
31:57 Conscription
33:00 Bogsveigar
33:35 Leather Archer Armor
34:46 Ring Archer Armor
37:15 Elite Berserk
37:57 Scale Mail Armor
38:57 Chain Mail Armor
40:20 Plate Mail Armor
41:01 Forging
41:37 Capped Ram
43:15 Elite Skirmisher
43:46 Siege Ram
Koenig d. Hunde
12:08 Feudal Age
12:34 Horse Collar
17:29 Castle Age
17:01 Double-Bit Axe
19:04 Bow Saw
20:44 Wheelbarrow
21:55 Heavy Plow
22:55 Gold Mining
23:50 Forging
23:46 Scale Barding Armor
25:29 Szlachta Privileges
26:50 Husbandry
27:01 Bloodlines
28:04 Stone Mining
31:40 Imperial Age
29:29 Hand Cart
29:04 Town Watch
29:04 Loom
30:46 Chain Barding Armor
32:27 Iron Casting
32:00 Cavalier
35:13 Blast Furnace
36:23 Fletching
36:17 Light Cavalry
38:24 Crop Rotation
40:38 Conscription
40:34 Winged Hussar
43:23 Lechitic Legacy
el maldito asfalto
10:17 Feudal Age
14:35 Castle Age
13:09 Horse Collar
13:38 Double-Bit Axe
15:42 Bow Saw
15:50 Loom
20:36 Town Watch
20:47 Loom
24:18 Wheelbarrow
30:31 Imperial Age
28:02 Fletching
29:31 Bodkin Arrow
31:30 Ballistics
32:32 Conscription
32:29 Siege Engineers
32:27 Padded Archer Armor
34:00 Gold Mining
34:01 Stone Mining
34:16 Bracer
36:35 Elite Longbowman
37:56 Warwolf
38:16 Leather Archer Armor
39:46 Ring Archer Armor
40:32 Chemistry
39:43 Masonry
39:14 Treadmill Crane
39:26 Pikeman
40:07 Scale Mail Armor
44:00 Onager
44:21 Crossbowman
44:55 Arbalester
Connection lost

Rejoining the realm…

Still unreachable

The connection could not be restored.

Session expired

The server has moved on; the page needs a fresh start.